 Dungeon Crawl Stone Soup version 0.24-a0-292-g5c6fb1cd70 (webtiles) character file.

Game seed: 10153718226964475622

46 Redear the Ducker (level 3, 3/11 HPs)
             Began as a Felid Chaos Knight on May 10, 2019.
             Was a Plaything of Xom.
             Quit the game on level 2 of the Dungeon.
             The game lasted 00:02:17 (2459 turns).

Redear the Ducker (Felid Chaos Knight)              Turns: 2459, Time: 00:02:18

Health: 3/11       AC:  1    Str:  8 (9)  XL:     3   Next: 46%
Magic:  4/4        EV: 21    Int: 12 (13) God:    Xom [*.....]
Gold:   97         SH:  0    Dex: 15      Spells: 2/2 levels left
                                        Lives:  0   Deaths: 0

rFire    . . .     SeeInvis +     - Unarmed
rCold    . . .     Gourm    .   (shield unavailable)
rNeg     . . .     Faith    .   (armour unavailable)
rPois    .         Spirit   .   (helmet unavailable)
rElec    .         Reflect  .   (cloak unavailable)
rCorr    +         Harm     .   (gloves unavailable)
MR       .....                  (boots unavailable)
Stlth    ++........             (no amulet)
HPRegen  0.03/turn              g - ring of resist corrosion
MPRegen  0.09/turn              (no ring)

@: quick
A: very small, no armour, no weapons or thrown items, stealth, claws 1, fangs 3,
repulsion field 1, see invisible, carnivore, deterioration 1, speed 1, frail 3,
screaming 1, shaggy fur 1, slow metabolism 1, sharp paws
a: Renounce Religion


You were on level 2 of the Dungeon.
You worshipped Xom.
You were a special plaything of Xom.
You were not hungry.

You visited 1 branch of the dungeon, and saw 3 of its levels.

You collected 97 gold pieces.

Inventory:

Jewellery
 c - an uncursed amulet of guardian spirit {unknown}
 g - a ring of resist corrosion (left paw)
Scrolls
 a - 3 scrolls of identify {unknown}
 j - a scroll of amnesia {unknown}
Potions
 b - a potion of brilliance {unknown}
 d - a potion of curing {unknown}
 e - a potion of degeneration {unknown}
 f - a potion of ambrosia {unknown}
 h - a potion of might {unknown}
 i - a potion of heal wounds {unknown}
Comestibles
 z - 6 rations


   Skills:
 + Level 3.4 Fighting
 + Level 3.9 Dodging
 + Level 2.0 Stealth
 + Level 3.4 Unarmed Combat


You had 2 spell levels left.
You didn't know any spells.
Your spell library was empty.

Dungeon Overview and Level Annotations

Branches:
Dungeon (3/15)

Altars:


Innate Abilities, Weirdness & Mutations

You cannot wear armour.
You are incapable of wielding weapons or throwing items.
Your paws allow you to move quietly. (Stealth)
You have sharp claws.
You have razor-sharp teeth.
You have supernaturally acute eyesight. (SInv)
You are carnivorous and can eat meat at any time.
You cover ground quickly.
You are covered in fur. (AC +1)
You have a slow metabolism.
Your sharp claws are effective at attacking unaware monsters.
You are surrounded by a mild repulsion field. (EV +2)
Your body sometimes deteriorates upon taking damage.
You are extremely frail. (-30% HP)
You occasionally shout uncontrollably at your foes.


Message History

Your butterfly dies!
The leopard gecko closely misses your butterfly.
The leopard gecko bites your butterfly.
Your butterfly dies!
You start resting.
The leopard gecko is too close now for your liking.
You see here a +0 club.
You see here a +0 club.
A leopard gecko is nearby!
There is a stone staircase leading up here.
You climb upwards.
There is a stone staircase leading down here.
Okay, then.
Unknown command.
You can't grasp things well enough to throw them.
Unknown command.
Unknown command.
You can't grasp things well enough to throw them.
Unknown command.
Are you sure you want to abandon this character and quit the game? (Confirm with "yes".)

######### #...>...#
############## #.#####.#
#............#####.#####.#
####.######...#.@........##.#
#....# #.....######.##.##.#
#.#### ##...## #.##.##.# #.#
##)## #.......# #.# #.#
####.#### #.##### #.# #.#
#.....# ##'## ####.# #.....#
##...## #....# #.....#
##.....## #.####


There were no monsters in sight!

Vanquished Creatures
  An ooze (D:1)
  A worm (D:2)
  A dart slug (D:1)
  2 leopard geckos
  6 bats
  6 goblins
  5 hobgoblins
  7 kobolds
  A quokka (D:3)
  A frilled lizard (D:1)
  2 rats
33 creatures vanquished.

Notes
Turn   | Place    | Note
-------+----------+-------------------------------------------
     0 | D:1      | Redear the Felid Chaos Knight began the quest for the Orb.
     0 | D:1      | Reached XP level 1. HP: 10/10 MP: 2/2
   424 | D:1      | Reached skill level 1 in Stealth
   424 | D:1      | Reached XP level 2. HP: 14/14 MP: 3/3
   434 | D:1      | XOM: divination: detect items
   646 | D:1      | XOM: god gift: robe {god gift}
  1218 | D:2      | Reached XP level 3. HP: 17/17 MP: 4/4
  1291 | D:2      | XOM: 6-stop teleportation journey
  1373 | D:2      | XOM: smoke on damage
  1520 | D:2      | XOM: give mutations
  1520 | D:2      | Gained mutation: You are frail. (-10% HP) [Xom's mischief]
  1520 | D:2      | Gained mutation: You are surrounded by a mild repulsion
                  | field. (EV +2) [Xom's mischief]
  1520 | D:2      | Gained mutation: You occasionally shout uncontrollably at
                  | your foes. [Xom's mischief]
  1520 | D:2      | Gained mutation: You are very frail. (-20% HP) [Xom's
                  | mischief]
  1776 | D:2      | XOM: give mutations
  1776 | D:2      | Gained mutation: You are extremely frail. (-30% HP) [Xom's
                  | mischief]
  1776 | D:2      | Gained mutation: Your body sometimes deteriorates upon
                  | taking damage. [Xom's mischief]
  1910 | D:2      | XOM is BORED!
  1910 | D:2      | XOM: mild Pois miscast
  2018 | D:2      | Reached skill level 2 in Stealth
  2112 | D:2      | XOM: harmless Chrm miscast
  2405 | D:3      | XOM: silly message
  2405 | D:3      | XOM: butterfly on damage
  2459 | D:2      | Quit the game

Levels and vault maps discovered:
D:1:      eino_arrival_druids_welcome, layout_loops_corners, serial_glass,
          glass_columns_a, glass_columns_c, grunt_decor_arrowhead
D:2:      layout_loops_corners
D:3:      layout_basic, kennysheep_minor_cross,
          nicolae_ru_great_annihilating_truth

Skill      XL: |  1  2  3 |
---------------+----------+-----
Stealth        | 1 2 |  2.0
Fighting       | |  3.4
Dodging        | |  3.9
Unarmed Combat | |  3.4

Action                   || total
-------------------------++-------
Melee: Unarmed           ||    95
       Bite              ||     5
       Punch             ||     1
 Stab: Sleeping          ||     8
  Eat: Chunk             ||     2
Armor: Skin              ||     9
Dodge: Dodged            ||    62

Table legend:
 A = Non-vault XP
 B = Vault XP
 C = Vault XP percentage of total XP
 D = Non-vault monster count
 E = Vault monster count
 F = Vault count percentage of total count
                 A         B        C        D         E       F
            +---------+---------+-------+---------+---------+-------
      Total |      67 |       0 |   0.0 |      33 |       0 |   0.0
            +---------+---------+-------+---------+---------+-------
        D:1 |      39 |       0 |   0.0 |      20 |       0 |   0.0
        D:2 |      17 |       0 |   0.0 |       8 |       0 |   0.0
        D:3 |      11 |       0 |   0.0 |       5 |       0 |   0.0
            +---------+---------+-------+---------+---------+-------
